 Dungeon Crawl Stone Soup version 0.28.0 (webtiles) character file.

Game seed: 15642242699099166220

126 Colgate the Conjurer (level 4, -2/30 HPs)
             Began as a Demonspawn Conjurer on Feb 17, 2022.
             Killed from afar by an orc wizard (7 damage)
             ... with a puff of flame
             ... on level 3 of the Dungeon.
             The game lasted 00:07:57 (3749 turns).

Colgate the Conjurer (Demonspawn Conjurer)          Turns: 3749, Time: 00:07:57

Health: -2/30      AC:  3    Str:  8    XL:     4   Next: 83%
Magic:  4/7        EV: 12    Int: 21    God:
Gold:   137        SH:  0    Dex: 11    Spells: 0/7 levels left

rFire   . . .      SeeInvis .   f - +1 falchion (vorpal)
rCold   . . .      Faith    .   (no shield)
rNeg    . . .      Spirit   .   a - +0 robe
rPois   .          Reflect  .   j - +1 hat
rElec   .          Harm     .   (no cloak)
rCorr   .          Rampage  .   (no gloves)
Will    .....                   (no boots)
Stlth   ++........              (no amulet)
HPRegen 0.10/turn               (no ring)
MPRegen 0.10/turn               (no ring)

@: no status effects
A: weakness stinger 1
a: no special abilities


You were on level 3 of the Dungeon.
You visited 1 branch of the dungeon, and saw 3 of its levels.

You collected 137 gold pieces.

Inventory:

Hand Weapons
 f - a +1 vorpal falchion (weapon)
Missiles
 b - 104 stones
 d - 5 javelins
Armour
 a - a +0 robe (worn)
 e - a +0 ring mail
 j - a +1 hat (worn)
 k - a +0 tower shield
Scrolls
 c - a scroll of blinking {unknown}
 g - 3 scrolls of teleportation {unknown}
 h - a scroll of magic mapping {unknown}
Potions
 i - a potion of flight {unknown}
 l - a potion of might {unknown}


   Skills:
 - Level 1.7 Dodging
 - Level 1.7 Stealth
 - Level 2.0 Spellcasting
 - Level 6.0 Conjurations
 + Level 1.2 Hexes


You couldn't memorise any spells.
You knew the following spells:

 Your Spells              Type           Power      Damage    Failure   Level
a - Magic Dart            Conj           100%       1d8       1%          1
b - Searing Ray           Conj           54%        2d6       1%          2
c - Fulminant Prism       Conj/Hex       8%         3d7       32%         4

Your spell library contained the following spells:

 Spells                   Type           Power      Damage    Failure   Level
 Static Discharge         Conj/Air       14%        N/A       6%          2
 Dazzling Flash           Conj/Hex       34%        N/A       10%         3
 Iskenderun's Mystic Bla  Conj/Tloc      14%        2d5       38%         4
 Sticky Flame             Conj/Fire      14%        2d4       38%         4
 Dispel Undead            Necr           2%         3d7       82%         4


Dungeon Overview and Level Annotations

Branches:
Dungeon (3/15)

Altars:

Shops:
D:1 *


Innate Abilities, Weirdness & Mutations

You have a small tail.


Message History

The orc wizard shouts!
The magic dart hits the rat!
You kill the rat!
The magic dart hits the orc wizard.
The orc wizard is moderately wounded.
The magic dart hits the orc.
The orc is severely wounded.
The magic dart hits the orc.
The orc is almost dead.
The magic dart hits the orc.
You kill the orc!
The orc wizard casts a spell at you. The puff of flame hits you!
The orc wizard points at you and mumbles some strange words.
You are confused.
You feel less confused.
The orc wizard points at you and mumbles some strange words.
The magic dart hits you.
The orc wizard gestures at you while chanting.
The magic dart hits you.
The gnoll throws an atropa-tipped dart.
The atropa-tipped dart hits you!
You are confused.
You bump into the rock wall.
The gnoll throws an atropa-tipped dart.
The atropa-tipped dart hits you!
You are more confused.
The gnoll throws an atropa-tipped dart.
The atropa-tipped dart hits you.
You are more confused.
The orc wizard points at you and mumbles some strange words.
The magic dart hits you.
* * * LOW HITPOINT WARNING * * *
You hit the orc wizard.
The orc wizard is moderately wounded.
You feel less confused.
The orc wizard hits you with a +0 dagger.
* * * LOW HITPOINT WARNING * * *
The gnoll throws an atropa-tipped dart.
The atropa-tipped dart barely misses you.
The orc wizard gestures at you while chanting.
The puff of flame hits you!
You die...

# ## .############ ............##
#............## ..............#
########
..............#####......#
.................##.###.#######
)...............@oo.###.#.....##
.......<.).......##............##
#...................###.........#
##>...........g.....#
#......รท..#
.............)......###.........#
.##....#####.....#..............#
..#.##..###......#####.o........#
......................o........##
..#.###...####.######.........<.#


You could see an orc wizard, a gnoll and an orc.

Vanquished Creatures
  Terence (D:1)
  2 gnolls (D:3)
  2 adders
  A worm (D:2)
  2 dart slugs
  2 orcs (D:3)
  2 ball pythons
  4 bats
  7 endoplasms
  2 giant cockroaches
  7 goblins
  4 hobgoblins
  5 kobolds
  2 quokkas
  5 frilled lizards
  9 rats
57 creatures vanquished.

Notes
Turn   | Place    | Note
-------+----------+-------------------------------------------
     0 | D:1      | Colgate the Demonspawn Conjurer began the quest for the
                  | Orb.
     0 | D:1      | Reached XP level 1. HP: 13/13 MP: 3/3
   276 | D:1      | Gained mutation: You have a small tail. [demonic ancestry]
   276 | D:1      | Reached XP level 2. HP: 19/19 MP: 3/5
   495 | D:1      | Learned a level 2 spell: Searing Ray
   495 | D:1      | Found Daqar's Assorted Antiques.
  1087 | D:1      | Found a faded altar of an unknown god.
  1611 | D:2      | Noticed Terence
  2050 | D:1      | Killed Terence
  2051 | D:1      | Reached skill level 5 in Conjurations
  2051 | D:1      | Reached XP level 3. HP: 23/24 MP: 2/6
  2418 | D:2      | Reached XP level 4. HP: 30/30 MP: 4/7
  3363 | D:3      | Reached skill level 6 in Conjurations
  3382 | D:3      | Learned a level 4 spell: Fulminant Prism
  3534 | D:3      | Reached skill level 1 in Hexes
  3749 | D:3      | Killed from afar by an orc wizard

Illustrated notes

Levels and vault maps discovered:
D:1:      ebering_trefoil_twist, layout_loops_corners,
          shapermc_ecumenical_altar_mp_highgroup, serial_shops, shop,
          corexii_hall_statues_l
D:2:      layout_basic, uniq_terence
D:3:      layout_rooms

Skill      XL: |  1  2  3  4 |
---------------+-------------+-----
Conjurations   | 5 6 |  6.0
Hexes          | 1 |  1.2
Dodging        | |  1.7
Stealth        | |  1.7
Spellcasting   | |  2.0

Action                   |  1- 3 |  4- 6 || total
-------------------------+-------+-------++-------
Melee: Unarmed           |    10 |       ||    10
       Whip              |     1 |       ||     1
       Falchion          |       |     1 ||     1
 Cast: Magic Dart        |    42 |    40 ||    82
       Searing Ray       |    11 |     7 ||    18
Armor: Robe              |     2 |       ||     2
Dodge: Dodged            |    10 |     1 ||    11
